 Dungeon Crawl Stone Soup version 0.31-a0-95-g6fa058ef04 (webtiles) character file.

Game seed: 14378664738608885129

312146 holysushi the Smokeless Flame (level 21, -9/141 HPs)
             Began as a Djinni Necromancer on May 25, 2023.
             Was a Priest of Jiyva.
             Mangled by a fire giant
             ... wielding a +2 great sword of flaming
              (30 damage)
             ... on level 3 of the Depths on May 26, 2023.
             The game lasted 01:13:20 (27787 turns).

holysushi the Smokeless Flame (Djinni Necromancer) Turns: 27787, Time: 01:13:21

Health: -9/141     AC:  6    Str:  8    XL:     21   Next: 77%
Gold:   404        EV: 38    Int: 26    God:    Jiyva [***...] SH:  0 Dex: 33

rFire   + . .        A - +4 flail of Misery {heavy, rPois Int+6 Stlth-}
rCold   + + .        W - orb {mayhem}
rNeg    + . .        S - +0 robe "Igof" {rC++ Regen+ SInv Stlth+}
rPois   ∞            (helmet restricted)
rElec   .            L - scarf {repulsion}
rCorr   +            K - +2 pair of gloves "Xuskovu" {Fly rCorr Str+3}
SInv    +            (boots unavailable)
Will    +++..        R - amulet of Coniach {Rampage *Corrode rPois Regen+ SInv}
Stlth   +++          Z - ring of the Elephant {Ice Contam rPois rN+ Dex+5}
HPRegen 3.15/turn    D - ring of willpower
MPRegen 0.00/turn

%: corrode self (3%), mayhem, repel missiles, clarity, rampage, infuse magic
(-10 HP)
@: flying, studying 3 skills
A: sickness immunity, fire resistance 2, cold vulnerability 1, float, innate
caster, HP casting, extra vitality 1, horns 1, iridescent scales 1, agile 1,
clarity, clever 1, sense surroundings 3, eyeballs 2, pseudopods 3, jelly
absorbing missiles
}: 3/15 runes: decaying, slimy, gossamer
a: Renounce Religion, Oozemancy


You were on level 3 of the Depths.
You worshipped Jiyva.
Jiyva was most pleased with you.
You visited 7 branches of the dungeon, and saw 38 of its levels.
You also visited: Trove and Ice Cave.

You collected 3930 gold pieces.
You spent 3526 gold pieces at shops.

Inventory:

Hand Weapons
 l - the +9 war axe "Lidgher" {freeze, rPois rCorr Int+2}
   (You found it on level 6 of the Dungeon)

   Int:       It affects your intelligence (+2).
   rPois:     It protects you from poison.
   rCorr:     It protects you from acid and corrosion.
 A - the +4 flail of Misery (weapon) {heavy, rPois Int+6 Stlth-}
   (You found it on level 5 of the Pits of Slime)

   Int:       It affects your intelligence (+6).
   rPois:     It protects you from poison.
   Stlth:     It makes you less stealthy.
Missiles
 p - 2 throwing nets
Armour
 o - the +2 robe "Leiwut" {Dex+2}
   (You found it on level 4 of the Dungeon)

   Dex:       It affects your dexterity (+2).
 u - a +2 robe of the Archmagi
 G - the +4 skin of Zhor {*Englaciate rC+++ SInv}
   (You found it in an ice cave)

   *Englaciate: It radiates cold, occasionally slowing all nearby creatures who
   are not resistant to cold.
   rC:        It renders you almost immune to cold.
   SInv:      It lets you see invisible.
 J - a +2 troll leather armour {Snorg}
 K - the +2 pair of gloves "Xuskovu" (worn) {Fly rCorr Str+3}
   (You found it on level 14 of the Dungeon)

   Str:       It affects your strength (+3).
   Fly:       It grants you flight.
   rCorr:     It protects you from acid and corrosion.
 L - a scarf of repulsion (worn)
 S - the +0 robe "Igof" (worn) {rC++ Regen+ SInv Stlth+}
   (You found it on level 1 of the Spider Nest)

   rC:        It greatly protects you from cold.
   SInv:      It lets you see invisible.
   Regen:     It increases your rate of health regeneration.
   Stlth:     It makes you more stealthy.
 U - a +0 tower shield
 W - an orb of mayhem (worn)
Magical Staves
 n - the staff of cold "Ycweex" {rPois rC+ Str-5 Int+2 Dex+4}
   (You found it on level 5 of the Pits of Slime)

   [staff of cold]

   Base accuracy: +5 Base damage: 5 Base attack delay: 1.2 This weapon's minimum
   attack delay (0.6) is reached at skill level 12.
   Str:       It affects your strength (-5).
   Int:       It affects your intelligence (+2).
   Dex:       It affects your dexterity (+4).
   rC:        It protects you from cold.
   rPois:     It protects you from poison.
   It falls into the 'Staves' category.
   It is a one-handed weapon.
Jewellery
 m - a ring of fire
 q - a +6 ring of dexterity
 t - a ring of see invisible
 x - an amulet of regeneration
 D - a ring of willpower (right hand)
 E - a ring of fire
 N - an amulet of faith
 P - a ring of ice
 R - the amulet of Coniach (around neck) {Rampage *Corrode rPois Regen+ SInv}
   (You found it on level 4 of the Swamp)

   [amulet of regeneration]

   rPois:     It protects you from poison.
   SInv:      It lets you see invisible.
   Regen:     It increases your rate of health regeneration.
   *Corrode:  It may corrode you when you take damage.
   Rampage:   It bestows one free step when moving towards enemies.
 X - the amulet of the Real Monster {Acrobat Stlth+}
   (You found it in a treasure trove)

   [amulet of the acrobat]

   It increases your evasion while moving and waiting.
   Stlth:     It makes you more stealthy.
 Y - the ring "Ylozarat" {*Slow +Blink EV+5 Str+4}
   (You found it in a treasure trove)

   [ring of evasion]

   EV:        It affects your evasion (+5).
   Str:       It affects your strength (+4).
   +Blink:    It lets you blink.
   *Slow:     It may slow you when you take damage.
 Z - the ring of the Elephant (left hand) {Ice Contam rPois rN+ Dex+5}
   (You found it in a treasure trove)

   [ring of ice]

   It enhances your ice magic.
   Dex:       It affects your dexterity (+5).
   rF:        It makes you vulnerable to fire.
   rC:        It protects you from cold.
   rPois:     It protects you from poison.
   rN:        It protects you from negative energy.
   Contam:    It causes magical contamination when unequipped.
Wands
 r - a wand of polymorph (26)
 w - a wand of flame (18)
 C - a wand of mindburst (20)
 I - a wand of acid (4)
 M - a wand of digging (12)
Scrolls
 a - 3 scrolls of fear
 b - 9 scrolls of teleportation
 g - 2 scrolls of poison
 s - 2 scrolls of immolation
 y - a scroll of blinking
 z - a scroll of vulnerability
 B - a scroll of silence
 H - 3 scrolls of summoning
 Q - a scroll of enchant weapon
 T - 3 scrolls of enchant armour
Potions
 d - 10 potions of curing
 e - 2 potions of mutation
 f - 2 potions of attraction
 h - 2 potions of heal wounds
 i - 6 potions of might
 j - 2 potions of enlightenment
 k - 6 potions of resistance
 v - 5 potions of haste
 F - 10 potions of ambrosia
 O - 4 potions of lignification
 V - a potion of magic {unknown}


   Skills:
 - Level 10.0 Fighting
 - Level 20.9 Dodging
 - Level 1.5 Stealth
 + Level 22.9 Spellcasting
 + Level 22.9 Conjurations
 + Level 22.9 Hexes
   Level 0.0 Charms
 + Level 22.9 Summonings
 + Level 22.9 Necromancy
 + Level 22.9 Translocations
 + Level 22.9 Transmutations
 O Level 27 Fire Magic
 + Level 22.9 Ice Magic
 + Level 22.9 Air Magic
 + Level 22.9 Earth Magic
 + Level 22.9 Poison Magic


You knew the following spells:

 Your Spells              Type           Power      Damage    Failure   Level
a - Lee's Rapid Deconstr  Erth           49%        3d23*     0%          5
b - Vampiric Draining     Necr           99%        2d13      0%          3
c - Leda's Unmaking       Conj/Erth      47%        9d8       1%          6
d - Animate Dead          Necr           99%        N/A       0%          4
e - Iskenderun's Mystic   Conj/Tloc      94%        2d18      0%          4
f - Wereblood             Tmut           99%        N/A       0%          2
g - Summon Small Mammal   Summ           100%       N/A       0%          1
h - Agony                 Necr           99%        N/A       0%          5
i - Animate Armour        Summ/Erth      100%       N/A       0%          4
j - Necrotise             Necr           100%       1d9       0%          1
k - Stone Arrow           Conj/Erth      100%       3d13      0%          3
l - Enfeeble              Hex            49%        N/A       1%          7
m - Dragon Form           Tmut           49%        N/A       1%          7
n - Ozocubu's Refrigerat  Ice            61%        4d21      1%          7
Your spell library was empty.

Dungeon Overview and Level Annotations

Branches:
Dungeon (15/15) Zot: 25562  Temple (0/1) D:5            Lair (5/5) D:9 Zot: 23615
  Swamp (4/4) Lair:3 Zot: 21632  Spider (4/4) Lair:3 Zot: 20207   Slime (5/5) Lair:4 Zot: 26860
    Orc (2/2) D:11 Zot: 10900     Elf (0/3) Orc:2        Vaults (0/5) D:13
 Depths (3/4) D:15 Zot: 15312   IceCv (visited)

Altars:
Cheibriados
Elyvilon
Fedhas
Gozag
Ru
Trog
Yredelemnul
Jiyva

Shops:
D:1 (   D:7 (   D:13 !   D:15 :   Orc:2 (*[=   Depths:2 [::

Portals:
Hell: Depths:1 Depths:2 Depths:3
Abyss: Depths:1 Depths:2 Depths:3
Pandemonium: Depths:2

Annotations:
D:3 3 runed translucent doors, juan097's ghost, amateur MiFi
D:5 3 runed translucent doors, Sans23's ghost, weakling HuDe; Sobieck's ghost, novice DECj
D:7 2 transporters, Pimp's ghost, novice DEHu
Slime:5 Royal Jelly
Depths:3 2 runed translucent doors, Camaan's ghost, adept DgCj


Innate Abilities, Weirdness & Mutations

You are immune to sickness and miasma.
You are immune to poison.
Your flesh is very heat resistant. (rF++)
You are vulnerable to cold. (rC-)
You float through the air rather than walking.
You learn spells naturally, not from books.
Your magical power is your life essence.
You have superior vitality. (+4 MHP)
You have a pair of small horns on your head.
You are partially covered in iridescent scales. (AC +2)
You are agile. (Dex +4, Str/Int -1)
You possess an exceptional clarity of mind.
Your mind is acute. (Int +4, Str/Dex -1)
You passively map a large area around you.
Your body has grown many eyes which may confuse attackers. (Acc +5)
Armour fits poorly on your massive pseudopods.
You have a small jelly attached to you that may absorb projectiles.


Message History

Confirm with . or Enter, or press ? or * to list all spells.
Aiming: Vampiric Draining (safe; 0% risk of failure)
Press: ? - help, Shift-Dir - straight line, f/p - iron dragon
Aim: an iron dragon (heavily wounded)
You draw life force from the iron dragon!!
You feel life coursing into your body! The fire giant misses you.
The iron dragon misses you.
The iron dragon completely misses you. x2
Casting: Vampiric Draining (safe; 0% risk of failure)
Confirm with . or Enter, or press ? or * to list all spells.
Aiming: Vampiric Draining (safe; 0% risk of failure)
Press: ? - help, Shift-Dir - straight line, f/p - iron dragon
Aim: an iron dragon (severely wounded)
You draw life force from the iron dragon!
You feel life coursing into your body!
The fire giant hits you with a +2 great sword of flaming!!
The fire giant burns you. The fire giant completely misses you.
Casting: Vampiric Draining (safe; 0% risk of failure)
Confirm with . or Enter, or press ? or * to list all spells.
Aiming: Vampiric Draining (safe; 0% risk of failure)
Press: ? - help, Shift-Dir - straight line, f/p - iron dragon
Aim: an iron dragon (almost dead)
You draw life force from the iron dragon!
You feel life coursing into your body. The iron dragon completely misses you.
The iron dragon claws you but does no damage.
The iron dragon completely misses you.
The fire giant hits you with a +2 great sword of flaming!!!
* * * LOW HITPOINT WARNING * * *
The fire giant burns you.
* * * LOW HITPOINT WARNING * * *
Casting: Vampiric Draining (safe; 0% risk of failure)
Confirm with . or Enter, or press ? or * to list all spells.
Aiming: Vampiric Draining (safe; 0% risk of failure)
Press: ? - help, Shift-Dir - straight line, f/p - iron dragon
Aim: an iron dragon (almost dead)
You draw life force from the iron dragon!!
You kill the iron dragon!
You feel life coursing into your body.
* * * LOW HITPOINT WARNING * * *
The fire giant hits you with a +2 great sword of flaming!!
You die...

, ,#..# #....
...*#............. ,
,#..# #....
...*#....J........
*#..# #.. ,...
#............. * ** *
* *#'# #.............
,, * , #.#
#............. , , ,
#.# #............. *
*,, #.###.............
, , #†#...ZZ....#.....
+ , * ,
#@#Z#######....... , *
#####C#.# #Z..#... *
#.....).# #.......
#.......# #....... *
,,
#.......########.....#
~ * , ,
#.....................
~
#.....)..............#
* , *
#......#.#############
* ** #####.##.#


You could see a neutral fire giant (fast, strong, insane).

Vanquished Creatures
  Rupert (Orc:2)
  3 liches
  A titan (Depths:2)
  Kirke (Swamp:4)
  A sphinx (Depths:2)
  2 fenstrider witches (Swamp:2)
  A nargun (Depths:2)
  A tengu reaver (Depths:1)
  2 fire giants (Depths:3)
  5 frost giants
  Louise (Spider:4)
  6 emperor scorpions
  An iron dragon (Depths:3)
  4 ghouls (Swamp:3)
  5 ghost moths
  3 orc warlords
  A spriggan defender (Depths:2)
  2 reapers (Depths:2)
  12 very ugly things
  2 broodmothers (Spider:4)
  4 stone giants
  The ghost of thug444 the Spear-Bearer, a journeyman MiFi of Lugonu (D:14)
  3 eleionomae
  Azrael (Lair:3)
  A wendigo (Depths:2)
  4 spark wasps
  2 bunyips
  2 dire elephants (Lair:5)
  2 ettins
  Snorg (D:13)
  A very ugly thing zombie (Depths:1)
  The ghost of Hily the Summoner, a journeyman FeSu of Gozag (Swamp:4)
  6 fire dragons
  2 blizzard demons
  5 entropy weavers
  A shambling mangrove (Swamp:2)
  A vault guard (D:13)
  5 rakshasas
  A caustic shrike simulacrum (IceCv)
  A spriggan air mage (Depths:3)
  A spriggan zombie (Depths:3)
  16 hydras
  5 radroaches
  A catoblepas (Lair:3)
  3 ghost crabs
  5 boulder beetles
  5 ice dragons
  4 centaur warriors
  4 jorogumos
  3 two-headed ogres
  4 deep troll earth magi
  A deep troll shaman (Depths:1)
  7 death scarabs (Spider:4)
  16 alligators
  A spriggan berserker (Depths:2)
  8 tengu warriors
  2 orc high priests (Orc:2)
  Sonja (D:13)
  2 fire crabs (Swamp:4)
  4 hell knights (Depths:3)
  2 iron trolls
  7 skeletal warriors
  A skyshark (Lair:3)
  Nergalle (Lair:1)
  2 spectral death yaks (Lair:5)
  6 goliath frogs
  A spectral anaconda (Lair:5)
  4 deep trolls (Depths:2)
  5 pharaoh ants
  2 spriggan druids (Swamp:2)
  6 bog bodies
  5 orb spiders
  2 sun moths
  7 swamp dragons
  2 obsidian statues
  2 orange crystal statues (Depths:2)
  2 wizards
  6 steelbarb worms
  Pikel (D:9)
  6 spriggan simulacra
  A harpy (shapeshifter) (D:13)
  5 orc knights
  7 necromancers
  3 spectral wolf spiders (Spider:4)
  A wolf spider zombie (Spider:4)
  2 orc sorcerers
  21 wolf spiders
  9 cyclopes
  4 manticores
  A will-o-the-wisp (Swamp:2)
  14 ugly things
  A tengu skeleton (Depths:1)
  5 moths of wrath
  An oklob plant (Lair:5)
  A fire giant zombie (Depths:3)
  A frost giant zombie (Depths:3)
  12 elephants
  5 black mambas
  A gargoyle (D:11)
  9 torpor snails
  2 demonic crawlers (Spider:2)
  7 cane toads
  A dire elephant skeleton (Lair:5)
  3 unseen horrors
  A rime drake (Lair:1)
  3 spectral redbacks (Spider:4)
  7 komodo dragons
  A redback zombie (Spider:4)
  5 kobold demonologists
  A tengu conjurer (Depths:2)
  18 freezing wraiths (IceCv)
  A spark wasp simulacrum (Depths:3)
  2 golden dragon simulacra
  3 anaconda simulacra (IceCv)
  4 meliai
  A queen bee (D:9)
  A spectral tarantella (Spider:4)
  2 spectral jumping spiders (Spider:4)
  7 trolls
  9 tyrant leeches
  A bloated husk (Swamp:2)
  12 hornets
  A polar bear (Lair:5)
  A spectral culicivora (Spider:4)
  A culicivora zombie (Spider:4)
  Prince Ribbit (D:9)
  35 tarantellas
  5 blink frogs
  An iron dragon simulacrum (Depths:1)
  A jumping spider zombie (Spider:4)
  7 large abominations (Depths:1)
  A vampire (D:12)
  A centaur simulacrum (D:14)
  22 culicivoras
  A shadow (D:11)
  53 yaks
  38 jumping spiders
  4 dire elephant simulacra (IceCv)
  5 spriggans
  10 water elementals (Depths:1)
  4 wraiths
  3 fire elementals
  4 wyverns
  3 basilisks
  3 vampire mosquitoes (D:14)
  A chaos spawn (Depths:1)
  4 steam dragons (Swamp:4)
  48 redbacks
  3 minotaur simulacra (IceCv)
  2 acid dragons
  4 small abominations (Depths:1)
  A harpy simulacrum (IceCv)
  A glowing shapeshifter zombie (Depths:3)
  3 wargs (Orc:1)
  2 tengu zombies
  2 hydra simulacra (IceCv)
  8 swamp worms
  2 hell hounds (Spider:1)
  8 water moccasins
  8 swamp drakes
  2 sky beasts
  An ettin simulacrum (IceCv)
  29 orc warriors
  2 black bears
  2 elephant zombies (Lair:5)
  4 alligator simulacra (IceCv)
  6 ogres
  2 wolves
  7 centaurs
  A lemure (D:9)
  4 phantoms
  5 kobold brigands
  4 scorpions
  15 bullfrogs
  A necrophage (Swamp:3)
  4 gnoll sergeants
  A deep troll simulacrum (IceCv)
  12 wights
  38 killer bees
  2 elephant simulacra (Lair:5)
  4 lindwurm simulacra (IceCv)
  5 electric eels
  8 howler monkeys
  A jelly (Swamp:4)
  16 orc priests
  A gnoll bouda (D:6)
  9 hounds
  An iguana (D:4)
  A sleepcap (D:8)
  Crazy Yiuf (D:7)
  16 orc wizards
  5 ogre zombies (D:11)
  Robin (D:1)
  13 gnolls
  5 adders
  A white imp (D:5)
  An ufetubus (D:5)
  2 worms
  6 dart slugs
  65 orcs
  6 ball pythons
  6 bats
  2 endoplasms (D:1)
  5 giant cockroaches
  6 goblins
  7 hobgoblins
  2 jackals (D:1)
  20 kobolds
  3 quokkas
  2 frilled lizards
  A goblin skeleton (D:11)
  2 goblin zombies (D:11)
  A hobgoblin skeleton (D:11)
  A hobgoblin zombie (D:11)
  An orc skeleton (D:11)
  12 orc zombies (D:11)
  6 rats
1148 creatures vanquished.

Vanquished Creatures (collateral kills)
  An Ice Fiend (Depths:2)
  A fire giant (Depths:1)
  5 stone giants
  12 very ugly things
  A spark wasp (Spider:4)
  A bunyip (Swamp:1)
  2 very ugly thing zombies
  A merfolk impaler (Depths:2)
  A fire dragon (Swamp:4)
  4 rakshasas
  2 hydras
  A spriggan air mage (Depths:2)
  4 ice dragons
  A deep troll shaman (Depths:2)
  2 hell knights (Depths:3)
  A fire crab (Swamp:4)
  A spectral death yak (Lair:5)
  A pharaoh ant (Spider:4)
  2 skeletal warriors (D:12)
  A deep troll (shapeshifter) (Depths:1)
  A goliath frog (Swamp:1)
  3 orb spiders
  A large abomination (Depths:1)
  A swamp dragon (Swamp:4)
  A lindwurm (Lair:2)
  2 bog bodies (Swamp:1)
  3 deep trolls (Depths:2)
  3 orc knights
  A necromancer (Depths:3)
  6 ugly thing zombies
  15 ugly things
  3 stone giant zombies
  3 wolf spiders
  2 frost giant zombies
  A fire giant zombie (Depths:1)
  3 elephants (Lair:5)
  2 black mambas (Lair:5)
  2 torpor snails
  2 cane toads
  A spriggan zombie (Depths:2)
  2 rime drakes
  A komodo dragon (Lair:5)
  A hornet (Depths:2)
  2 tarantellas (Spider:4)
  6 blink frogs
  2 ice dragon zombies
  A jumping spider (Spider:4)
  A dire elephant simulacrum (Lair:5)
  2 spriggans (Depths:2)
  A fire bat (Swamp:4)
  2 water elementals (Depths:1)
  10 yaks
  A basilisk (Lair:5)
  A fire elemental (Lair:3)
  A steam dragon (Swamp:4)
  A death yak simulacrum (Lair:5)
  3 redbacks
  A swamp worm (Swamp:1)
  6 human zombies
  An acid dragon (D:10)
  4 deep troll zombies (Depths:2)
  4 water moccasins
  6 orc warriors
  2 hornet zombies (Depths:2)
  An ettin simulacrum (Depths:2)
  2 wolves (Lair:5)
  An ogre (D:5)
  An elephant skeleton (Lair:5)
  A kobold brigand (D:7)
  A bullfrog (Lair:2)
  A cane toad simulacrum (Lair:5)
  4 jellies
  A lava snake (Swamp:4)
  2 orc priests
  2 orc wizards (Orc:2)
  An ogre zombie (D:11)
  A dart slug (D:1)
  12 orcs
  2 endoplasms
  3 goblins
  A jackal (D:1)
  A ball python (D:1)
  A frilled lizard (D:1)
  A goblin skeleton (D:11)
  2 kobolds (D:1)
  A butterfly (Lair:1)
206 creatures vanquished.

Vanquished Creatures (others)
  A frost giant (Depths:3)
  2 very ugly things
  A spriggan defender (Depths:2)
  A stone giant (Depths:3)
  A spark wasp (Spider:4)
  7 very ugly thing zombies
  An ice dragon (Depths:2)
  A hydra (Swamp:4)
  3 spriggan zombies (Depths:2)
  A centaur warrior (D:13)
  A deep troll shaman (Depths:2)
  The ghost of frimble the Sneak, a novice OpWr of Cheibriados (D:9)
  A spriggan (Swamp:3)
  2 swamp dragons (Swamp:4)
  A deep troll (Depths:2)
  3 human zombies
  6 ugly thing zombies (Depths:1)
  A wizard (Depths:2)
  An ugly thing (Depths:2)
  A stone giant zombie (Depths:3)
  An unseen horror (D:9)
  A wind drake (shapeshifter) (Depths:1)
  A bloated husk (Swamp:3)
  A hydra zombie (Lair:5)
  A hornet (Swamp:3)
  An ettin zombie (Depths:3)
  A jumping spider zombie (Spider:3)
  2 fire dragon zombies (Swamp:4)
  A frost giant simulacrum (Depths:2)
  2 alligator zombies (Swamp:1)
  An ice dragon zombie (Depths:3)
  A culicivora zombie (Spider:4)
  2 black mamba zombies (Lair:5)
  A fire bat (Swamp:4)
  A human (Swamp:4)
  A hog (Swamp:4)
  A yak (D:9)
  A tyrant leech zombie (Swamp:1)
  A redback (Spider:4)
  3 deep troll zombies (Depths:2)
  A fire bat zombie (Swamp:4)
  A tengu zombie (Depths:3)
  A water moccasin (D:7)
  3 swamp drakes (Swamp:4)
  An orc warrior (Orc:1)
  3 blink frog zombies (Lair:4)
  3 centaurs
  A wolf (D:9)
  A torpor snail zombie (Lair:5)
  A rime drake zombie (Lair:1)
  A kobold brigand (D:8)
  3 bullfrogs
  2 komodo dragon zombies (Lair:5)
  2 water moccasin zombies
  3 troll zombies (Orc:2)
  20 yak zombies
  A killer bee (D:9)
  111 jellies
  2 wolf zombies (Lair:5)
  2 bullfrog zombies
  A centaur zombie (D:10)
  A hound (D:9)
  2 orc priests (Orc:1)
  2 orc wizards (D:4)
  5 killer bee zombies
  An ogre zombie (Orc:2)
  A howler monkey zombie (D:9)
  A swamp drake zombie (Swamp:4)
  2 adders (D:3)
  2 gnolls (D:6)
  A steam dragon zombie (Swamp:4)
  An ufetubus (D:6)
  A worm (D:4)
  A dart slug (D:6)
  2 orcs
  A ball python (D:3)
  3 endoplasms (Lair:4)
  A giant cockroach (D:4)
  2 gnoll zombies (D:11)
  2 hobgoblins
  A quokka (D:3)
  3 training dummies (D:7)
  2 bats (D:3)
  2 kobolds (D:2)
  40 orc zombies
  2 rats (D:3)
  A butterfly (Lair:1)
  4 foxfires (Swamp:2)
313 creatures vanquished.

Grand Total: 1667 creatures vanquished

Notes
Turn   | Place    | Note
-------+----------+-------------------------------------------
     0 | D:1      | holysushi the Djinni Necromancer began the quest for the
                  | Orb.
     0 | D:1      | holysushi set off with the following spells memorised:
                  | Necrotise, Vampiric Draining, Animate Dead, Agony.
     0 | D:1      | Reached XP level 1. HP: 15/15 MP: 0/0
    63 | D:1      | Reached skill level 1 in Fighting
    70 | D:1      | Reached XP level 2. HP: 11/22 MP: 0/0
   239 | D:1      | Found Riahokh's Weapon Shoppe.
   307 | D:1      | Reached XP level 3. HP: 26/28 MP: 0/0
   307 | D:1      | Learned a level 1 spell: Summon Small Mammal
   861 | D:2      | Noticed Robin
  1103 | D:1      | Reached XP level 4. HP: 24/33 MP: 0/0
  1155 | D:1      | Reached skill level 4 in Fire Magic
  1301 | D:1      | Killed Robin
  1392 | D:2      | Found a faded altar of an unknown god.
  1403 | D:2      | Prayed at the altar of an unknown god.
  1403 | D:2      | Became a worshipper of Jiyva Jooha the Shapeless
  1403 | D:2      | Reached * piety under Jiyva
  1935 | D:3      | Reached ** piety under Jiyva
  2076 | D:3      | Noticed juan097's ghost (amateur MiFi)
  2210 | D:3      | Found a runed translucent gate.
  2210 | D:3      | Found a runed translucent gate.
  2210 | D:3      | Found a runed translucent gate.
  2472 | D:4      | Reached *** piety under Jiyva
  2488 | D:4      | Noticed a scorpion
  2496 | D:4      | Killed a scorpion
  2497 | D:4      | Reached XP level 5. HP: 36/38 MP: 0/0
  2497 | D:4      | Learned a level 2 spell: Wereblood
  2573 | D:4      | Noticed an ogre
  2578 | D:4      | Killed an ogre
  2579 | D:4      | Reached skill level 5 in Spellcasting
  2579 | D:4      | Reached skill level 5 in Conjurations
  2579 | D:4      | Reached skill level 5 in Hexes
  2579 | D:4      | Reached skill level 5 in Summonings
  2579 | D:4      | Reached skill level 5 in Necromancy
  2579 | D:4      | Reached skill level 5 in Translocations
  2579 | D:4      | Reached skill level 5 in Transmutations
  2579 | D:4      | Reached skill level 5 in Fire Magic
  2579 | D:4      | Reached skill level 5 in Ice Magic
  2579 | D:4      | Reached skill level 5 in Air Magic
  2579 | D:4      | Reached skill level 5 in Earth Magic
  2579 | D:4      | Reached skill level 5 in Poison Magic
  2579 | D:4      | Reached XP level 6. HP: 6/43 MP: 0/0
  2629 | D:4      | Noticed a black bear
  2638 | D:4      | Killed a black bear
  2729 | D:4      | Reached XP level 7. HP: 47/49 MP: 0/0
  2729 | D:4      | Learned a level 3 spell: Stone Arrow
  3015 | D:4      | Identified the +2 robe "Leiwut" {Dex+2}
  3212 | D:4      | Reached **** piety under Jiyva
  3290 | D:4      | Gained mutation: Your mind is acute. (Int +4, Str/Dex -1)
                  | [Jiyva's grace]
  3290 | D:4      | Gained mutation: Your mind is very acute. (Int +8, Str/Dex
                  | -2) [Jiyva's grace]
  3290 | D:4      | Gained mutation: You have a small jelly attached to you
                  | that may absorb projectiles. [Jiyva's grace]
  3290 | D:4      | Gained mutation: You have hidden genetic potential.
                  | [Jiyva's grace]
  3361 | D:5      | Entered Level 5 of the Dungeon
  3390 | D:5      | Reached skill level 6 in Fire Magic
  3402 | D:5      | Reached XP level 8. HP: 45/54 MP: 0/0
  3496 | D:5      | Reached skill level 5 in Dodging
  3502 | D:5      | Gained mutation: Your spells are a little harder to cast,
                  | but a little more powerful. [hidden potential]
  3556 | D:5      | Reached skill level 7 in Fire Magic
  3646 | D:5      | Found a runed translucent gate.
  3646 | D:5      | Found a runed translucent gate.
  3646 | D:5      | Found a runed translucent gate.
  3647 | D:5      | Noticed Sobieck's ghost (novice DECj)
  3648 | D:5      | Noticed Sans23's ghost (weakling HuDe)
  3749 | D:5      | Found a staircase to the Ecumenical Temple.
  3837 | D:5      | Found a blossoming altar of Fedhas.
  3991 | D:6      | Reached XP level 9. HP: 55/58 MP: 0/0
  3991 | D:6      | Learned a level 4 spell: Iskenderun's Mystic Blast
  4012 | D:6      | Found a sacrificial altar of Ru.
  4074 | D:6      | Gained mutation: You are robust. (+10% HP) [hidden
                  | potential]
  4074 | D:6      | Lost mutation: You have hidden genetic potential. [hidden
                  | potential expressed]
  4105 | D:6      | Reached ***** piety under Jiyva
  4290 | D:6      | Identified the +9 war axe "Lidgher" {freeze, rPois rCorr
                  | Int+2}
  4468 | D:6      | Found a snail-covered altar of Cheibriados.
  4686 | D:7      | Reached skill level 8 in Fire Magic
  4697 | D:7      | Found Mahiliwe's Firing Range.
  4732 | D:7      | Found a transporter.
  4737 | D:7      | Found a transporter.
  4738 | D:7      | Noticed Pimp's ghost (novice DEHu)
  4742 | D:7      | Lost mutation: You are robust. (+10% HP) [Jiyva's grace]
  4742 | D:7      | Gained mutation: Your muscles are strong. (Str +4, Int/Dex
                  | -1) [Jiyva's grace]
  4742 | D:7      | Gained mutation: Your muscles are very strong. (Str +8,
                  | Int/Dex -2) [Jiyva's grace]
  4742 | D:7      | Gained mutation: You are agile. (Dex +4, Str/Int -1)
                  | [Jiyva's grace]
  4742 | D:7      | Gained mutation: You are very agile. (Dex +8, Str/Int -2)
                  | [Jiyva's grace]
  4894 | D:7      | Reached XP level 10. HP: 61/64 MP: 0/0
  4944 | D:7      | You are sucked into a shaft and drop 2 floors!
  5077 | D:9      | Found a runed translucent gate.
  5078 | D:9      | Found a runed translucent gate.
  5078 | D:9      | Found an opulent altar of Gozag.
  5079 | D:9      | Found a runed translucent gate.
  5097 | D:9      | Reached skill level 9 in Fire Magic
  5098 | D:9      | Found a staircase to the Lair.
  5111 | D:9      | Noticed a yaktaur
  5112 | D:9      | a yaktaur changed into a moth of wrath
  5112 | D:9      | Noticed a moth of wrath (shapeshifter)
  5285 | D:8      | Reached ****** piety under Jiyva
  5658 | D:8      | Found a basalt altar of Yredelemnul.
  5710 | D:8      | Reached skill level 10 in Dodging
  5758 | D:7      | Lost mutation: You have a small jelly attached to you that
                  | may absorb projectiles. [Jiyva's grace]
  5758 | D:7      | Gained mutation: You have a pair of small horns on your
                  | head. [Jiyva's grace]
  5758 | D:7      | Gained mutation: You have a pair of horns on your head.
                  | [Jiyva's grace]
  5758 | D:7      | Gained mutation: You have a pair of large horns on your
                  | head. [Jiyva's grace]
  5758 | D:7      | Gained mutation: You are partially covered in iridescent
                  | scales. (AC +2) [Jiyva's grace]
  6153 | D:7      | Found a runed translucent door.
  6154 | D:7      | Noticed Crazy Yiuf
  6225 | D:7      | Killed Crazy Yiuf
  6356 | D:9      | Noticed Pikel
  6369 | D:9      | Killed Pikel
  6447 | D:9      | Found an opulent altar of Gozag.
  6458 | D:9      | Reached skill level 10 in Spellcasting
  6458 | D:9      | Reached skill level 10 in Conjurations
  6458 | D:9      | Reached skill level 10 in Hexes
  6458 | D:9      | Reached skill level 10 in Summonings
  6458 | D:9      | Reached skill level 10 in Necromancy
  6458 | D:9      | Reached skill level 10 in Translocations
  6458 | D:9      | Reached skill level 10 in Transmutations
  6458 | D:9      | Reached skill level 10 in Fire Magic
  6458 | D:9      | Reached skill level 10 in Ice Magic
  6458 | D:9      | Reached skill level 10 in Air Magic
  6458 | D:9      | Reached skill level 10 in Earth Magic
  6458 | D:9      | Reached skill level 10 in Poison Magic
  6476 | D:9      | Noticed Prince Ribbit
  6488 | D:9      | Killed Prince Ribbit
  6489 | D:9      | Reached XP level 11. HP: 68/68 MP: 0/0
  6489 | D:9      | Learned a level 4 spell: Animate Armour
  6490 | D:9      | Killed frimble's ghost
  6575 | Lair:1   | Entered Level 1 of the Lair of Beasts
  6616 | Lair:1   | Noticed Nergalle
  6625 | Lair:1   | Killed Nergalle
  6671 | Lair:1   | Reached skill level 11 in Fire Magic
  7152 | Lair:1   | Lost mutation: Your muscles are very strong. (Str +8,
                  | Int/Dex -2) [Jiyva's grace]
  7152 | Lair:1   | Gained mutation: Your rubbery body absorbs attacks. (AC +1,
                  | EV +1) [Jiyva's grace]
  7152 | Lair:1   | Gained mutation: Your pliable body absorbs attacks. (AC +2,
                  | EV +2) [Jiyva's grace]
  7152 | Lair:1   | Gained mutation: Your gelatinous body deflects attacks. (AC
                  | +3, EV +3) [Jiyva's grace]
  7152 | Lair:1   | Gained mutation: Your translucent skin slightly reduces
                  | your foes' accuracy. (Stealth+) [Jiyva's grace]
  7802 | Lair:2   | Noticed an elephant
  7802 | Lair:2   | Noticed an elephant
  7802 | Lair:2   | Noticed an elephant
  7805 | Lair:2   | Noticed an elephant
  7806 | Lair:2   | Noticed an elephant
  7812 | Lair:2   | Killed an elephant
  7818 | Lair:2   | Killed an elephant
  7821 | Lair:2   | Killed an elephant
  7822 | Lair:2   | Reached XP level 12. HP: 65/74 MP: 0/0
  7870 | Lair:2   | Identified the +11 war axe of Mutilation {flame, rF+ rC-
                  | Int+3}
  8385 | Lair:3   | You are sucked into a shaft and drop 2 floors!
  8385 | Lair:5   | Entered Level 5 of the Lair of Beasts
  8404 | Lair:5   | Noticed a six-headed hydra
  8411 | Lair:5   | Killed a seven-headed hydra
  8453 | Lair:5   | Noticed a four-headed hydra
  8463 | Lair:5   | Killed a four-headed hydra
  8469 | Lair:5   | Reached skill level 15 in Dodging
  8563 | Lair:5   | Noticed a four-headed hydra
  8565 | Lair:5   | Noticed a six-headed hydra
  8581 | Lair:5   | Reached XP level 13. HP: 78/78 MP: 0/0
  8581 | Lair:5   | Learned a level 5 spell: Lee's Rapid Deconstruction
  8638 | Lair:5   | Killed a four-headed hydra
  8639 | Lair:5   | Killed a six-headed hydra
  8689 | Lair:4   | Noticed a four-headed hydra
  8696 | Lair:4   | Killed a four-headed hydra
  8850 | Lair:4   | Noticed a four-headed hydra
  8858 | Lair:4   | Killed a four-headed hydra
  8909 | Lair:4   | Lost mutation: You are very agile. (Dex +8, Str/Int -2)
                  | [Jiyva's grace]
  8909 | Lair:4   | Lost mutation: Your gelatinous body deflects attacks. (AC
                  | +3, EV +3) [Jiyva's grace]
  8909 | Lair:4   | Gained mutation: Your gelatinous body deflects attacks. (AC
                  | +3, EV +3) [Jiyva's grace]
  8909 | Lair:4   | Gained mutation: You expend health (3 HP) to strengthen
                  | your wands. [Jiyva's grace]
  8909 | Lair:4   | Gained mutation: A frigid envelope surrounds you and
                  | freezes all who hurt you. [Jiyva's grace]
  8909 | Lair:4   | Gained mutation: You are mostly covered in iridescent
                  | scales. (AC +4) [Jiyva's grace]
  8919 | Lair:4   | Noticed a five-headed hydra
  8931 | Lair:4   | Killed a five-headed hydra
  8975 | Lair:4   | Noticed an eight-headed hydra
  8985 | Lair:4   | Killed an eight-headed hydra
  9270 | Lair:4   | Found a staircase to the Slime Pits.
  9270 | Lair:4   | Found a viscous altar of Jiyva.
  9500 | Slime:1  | Entered Level 1 of the Pits of Slime
  9500 | Slime:1  | Noticed a formless jellyfish
  9500 | Slime:1  | Noticed a formless jellyfish
  9505 | Slime:1  | Noticed an azure jelly
  9506 | Slime:2  | Noticed a quicksilver ooze
  9523 | Slime:5  | Entered Level 5 of the Pits of Slime
  9528 | Slime:5  | Noticed a formless jellyfish
  9531 | Slime:5  | Noticed a formless jellyfish
  9533 | Slime:5  | Noticed a formless jellyfish
  9542 | Slime:5  | Found a viscous altar of Jiyva.
  9543 | Slime:5  | Noticed a great orb of eyes
  9544 | Slime:5  | Noticed an acid blob
  9544 | Slime:5  | Noticed an acid blob
  9544 | Slime:5  | Noticed a rockslime
  9545 | Slime:5  | Noticed an acid blob
  9545 | Slime:5  | Noticed a quicksilver ooze
  9546 | Slime:5  | Noticed an azure jelly
  9546 | Slime:5  | Noticed the Royal Jelly
  9546 | Slime:5  | Noticed a quicksilver ooze
  9547 | Slime:5  | Noticed an acid blob
  9547 | Slime:5  | Noticed a rockslime
  9547 | Slime:5  | Noticed an acid blob
  9554 | Slime:5  | Identified the amulet of the Princess {Spirit rF- rN+ MP+9}
  9558 | Slime:5  | Got a slimy rune of Zot
  9567 | Slime:5  | Identified the staff of cold "Ycweex" {rPois rC+ Str-5
                  | Int+2 Dex+4}
  9576 | Slime:5  | Identified the +7 hand axe of Dishonour {venom, rF+}
  9577 | Slime:5  | Identified the +2 mace of the Mosquito {drain, Str-5 Int+3
                  | Dex+2}
  9578 | Slime:5  | Identified the +0 quarterstaff "Yraov" {flame, rF- Str+2
                  | Dex+3}
  9581 | Slime:5  | Identified the +4 flail of Misery {heavy, rPois Int+6
                  | Stlth-}
  9631 | Slime:4  | Noticed a quicksilver ooze
  9646 | Slime:1  | Noticed an acid blob
  9688 | Lair:4   | Reached skill level 5 in Fighting
 10002 | Lair:5   | Reached XP level 14. HP: 96/96 MP: 0/0
 10004 | Lair:5   | Noticed a dire elephant
 10010 | Lair:5   | Noticed a dire elephant
 10020 | Lair:5   | Killed a dire elephant
 10110 | Lair:5   | Got Kikubaaqudgh's Catalogue of the Crypt
 10189 | Lair:5   | Killed a dire elephant
 10687 | Lair:5   | Reached skill level 10 in Fighting
 10801 | Lair:3   | Found a hole to the Spider Nest.
 10938 | Lair:3   | Found a staircase to the Swamp.
 11033 | Lair:3   | Lost mutation: You have a pair of large horns on your head.
                  | [Jiyva's grace]
 11033 | Lair:3   | Lost mutation: You are mostly covered in iridescent scales.
                  | (AC +4) [Jiyva's grace]
 11033 | Lair:3   | Lost mutation: Your mind is very acute. (Int +8, Str/Dex
                  | -2) [Jiyva's grace]
 11033 | Lair:3   | Lost mutation: Your gelatinous body deflects attacks. (AC
                  | +3, EV +3) [Jiyva's grace]
 11033 | Lair:3   | Lost mutation: You expend health (3 HP) to strengthen your
                  | wands. [Jiyva's grace]
 11033 | Lair:3   | Gained mutation: You are covered in slimy tendrils that may
                  | disarm your opponents. [Jiyva's grace]
 11033 | Lair:3   | Gained mutation: You have a small jelly attached to you
                  | that may absorb projectiles. [Jiyva's grace]
 11033 | Lair:3   | Gained mutation: You have a small jelly attached to you
                  | that senses nearby items. [Jiyva's grace]
 11033 | Lair:3   | Gained mutation: You are robust. (+10% HP) [Jiyva's grace]
 12210 | D:10     | Entered Level 10 of the Dungeon
 12285 | D:10     | Found a white marble altar of Elyvilon.
 12305 | D:10     | Identified the +7 chain mail "Hanafy" {-Cast Harm rN+
                  | Will+}
 13100 | D:11     | Found a staircase to the Orcish Mines.
 13138 | Orc:1    | Entered Level 1 of the Orcish Mines
 13233 | Orc:2    | Entered Level 2 of the Orcish Mines
 13233 | Orc:2    | Found a staircase to the Elven Halls.
 13243 | Orc:2    | Noticed Rupert
 13247 | Orc:2    | Noticed an orc warlord
 13255 | Orc:2    | Killed Rupert
 13262 | Orc:2    | Killed an orc warlord
 13263 | Orc:2    | Reached XP level 15. HP: 97/117 MP: 0/0
 13263 | Orc:2    | Learned a level 6 spell: Leda's Unmaking
 13263 | Orc:2    | Noticed an orc warlord
 13272 | Orc:2    | Your ally Rupert died
 13480 | Orc:2    | Killed an orc warlord
 13518 | Orc:2    | Found Zozo Vup's Antique Weapon Shop.
 13539 | Orc:2    | Found Videx's Jewellery Shop.
 13542 | Orc:2    | Lost mutation: You have a pair of horns on your head.
                  | [Jiyva's grace]
 13542 | Orc:2    | Lost mutation: You are agile. (Dex +4, Str/Int -1) [Jiyva's
                  | grace]
 13542 | Orc:2    | Lost mutation: A frigid envelope surrounds you and freezes
                  | all who hurt you. [Jiyva's grace]
 13542 | Orc:2    | Lost mutation: Your pliable body absorbs attacks. (AC +2,
                  | EV +2) [Jiyva's grace]
 13542 | Orc:2    | Lost mutation: You have a small jelly attached to you that
                  | senses nearby items. [Jiyva's grace]
 13542 | Orc:2    | Gained mutation: Your pliable body absorbs attacks. (AC +2,
                  | EV +2) [Jiyva's grace]
 13542 | Orc:2    | Gained mutation: Your gelatinous body deflects attacks. (AC
                  | +3, EV +3) [Jiyva's grace]
 13542 | Orc:2    | Gained mutation: You have a pair of horns on your head.
                  | [Jiyva's grace]
 13542 | Orc:2    | Gained mutation: You have a pair of large horns on your
                  | head. [Jiyva's grace]
 13555 | Orc:2    | Found Naroniet's General Store.
 13563 | Orc:2    | Bought a scroll of fear for 60 gold pieces
 13563 | Orc:2    | Bought a scroll of teleportation for 45 gold pieces
 13563 | Orc:2    | Bought a +2 robe of the Archmagi for 565 gold pieces
 13574 | Orc:2    | Found Kemim's Antique Armour Emporium.
 13624 | Orc:2    | Bought a bloodstained robe for 136 gold pieces
 13624 | Orc:2    | Identified the +2 robe of Syndicalism {SInv Stlth+} (You
                  | bought it in a shop on level 2 of the Orcish Mines)
 13631 | Orc:1    | You are sucked into a shaft and drop 1 floor!
 14615 | D:11     | Lost mutation: You have a pair of large horns on your head.
                  | [Jiyva's grace]
 14615 | D:11     | Lost mutation: Your gelatinous body deflects attacks. (AC
                  | +3, EV +3) [Jiyva's grace]
 14615 | D:11     | Gained mutation: Your flesh is almost immune to the effects
                  | of heat. (rF+++) [Jiyva's grace]
 14615 | D:11     | Gained mutation: You have a pair of large horns on your
                  | head. [Jiyva's grace]
 14615 | D:11     | Gained mutation: You are mostly covered in iridescent
                  | scales. (AC +4) [Jiyva's grace]
 14615 | D:11     | Gained mutation: You are completely covered in iridescent
                  | scales. (AC +6) [Jiyva's grace]
 15086 | D:12     | Reached skill level 12 in Fire Magic
 15537 | D:12     | Reached skill level 13 in Fire Magic
 15765 | D:13     | Found Qidghar's Distillery.
 15775 | D:13     | Noticed Sonja
 15776 | D:13     | Killed Sonja
 15812 | D:13     | Noticed Snorg
 15818 | D:13     | Killed Snorg
 15893 | D:13     | Found a gate to the Vaults.
 16222 | D:14     | Identified the +2 pair of gloves "Xuskovu" {Fly rCorr
                  | Str+3}
 16235 | D:14     | Found a bloodstained altar of Trog.
 16241 | D:14     | Reached skill level 14 in Fire Magic
 16293 | D:14     | Reached XP level 16. HP: 117/124 MP: 0/0
 16312 | D:14     | Found a runed translucent gate.
 16312 | D:14     | Found a runed translucent gate.
 16312 | D:14     | Found a runed translucent gate.
 16343 | D:14     | Lost mutation: You have a pair of large horns on your head.
                  | [Jiyva's grace]
 16343 | D:14     | Lost mutation: You are completely covered in iridescent
                  | scales. (AC +6) [Jiyva's grace]
 16343 | D:14     | Lost mutation: You are robust. (+10% HP) [Jiyva's grace]
 16343 | D:14     | Lost mutation: Your spells are a little harder to cast, but
                  | a little more powerful. [Jiyva's grace]
 16343 | D:14     | Lost mutation: Your pliable body absorbs attacks. (AC +2,
                  | EV +2) [Jiyva's grace]
 16343 | D:14     | Lost mutation: Your translucent skin slightly reduces your
                  | foes' accuracy. (Stealth+) [Jiyva's grace]
 16343 | D:14     | Gained mutation: You have hidden genetic potential.
                  | [Jiyva's grace]
 16343 | D:14     | Gained mutation: You have great hidden genetic potential.
                  | [Jiyva's grace]
 16343 | D:14     | Gained mutation: Your muscles are very strong. (Str +8,
                  | Int/Dex -2) [Jiyva's grace]
 16343 | D:14     | Gained mutation: Your body has grown eyes which may confuse
                  | attackers. (Acc +3) [Jiyva's grace]
 16503 | D:14     | Noticed thug444's ghost (journeyman MiFi)
 16559 | D:14     | Killed thug444's ghost
 16614 | D:15     | Entered Level 15 of the Dungeon
 16776 | D:15     | Reached skill level 15 in Fire Magic
 16821 | D:15     | Identified the +1 great sword of Evolution {heavy, Str+3
                  | Dex+3}
 17214 | D:15     | Found a staircase to the Depths.
 17349 | D:15     | Found Qaurr's Tiny Tomes.
 17925 | Swamp:1  | Entered Level 1 of the Swamp
 17967 | Swamp:1  | Reached skill level 16 in Fire Magic
 18167 | Swamp:1  | Reached skill level 17 in Fire Magic
 18734 | Swamp:2  | Reached skill level 15 in Spellcasting
 18734 | Swamp:2  | Reached skill level 15 in Conjurations
 18734 | Swamp:2  | Reached skill level 15 in Hexes
 18734 | Swamp:2  | Reached skill level 15 in Summonings
 18734 | Swamp:2  | Reached skill level 15 in Necromancy
 18734 | Swamp:2  | Reached skill level 15 in Translocations
 18734 | Swamp:2  | Reached skill level 15 in Transmutations
 18734 | Swamp:2  | Reached skill level 15 in Ice Magic
 18734 | Swamp:2  | Reached skill level 15 in Air Magic
 18734 | Swamp:2  | Reached skill level 15 in Earth Magic
 18734 | Swamp:2  | Reached skill level 15 in Poison Magic
 18850 | Swamp:2  | Noticed a fenstrider witch
 18853 | Swamp:2  | Killed a fenstrider witch
 18855 | Swamp:2  | Reached XP level 17. HP: 82/119 MP: 0/0
 18855 | Swamp:2  | Learned a level 7 spell: Enfeeble
 18876 | Swamp:2  | Gained mutation: You passively dampen the noise of your
                  | surroundings. [hidden potential]
 18888 | Swamp:2  | Reached skill level 18 in Fire Magic
 19276 | Swamp:3  | Lost mutation: Your muscles are very strong. (Str +8,
                  | Int/Dex -2) [Jiyva's grace]
 19276 | Swamp:3  | Lost mutation: You have great hidden genetic potential.
                  | [Jiyva's grace]
 19276 | Swamp:3  | Lost mutation: You have hidden genetic potential. [Jiyva's
                  | grace]
 19276 | Swamp:3  | Lost mutation: You passively dampen the noise of your
                  | surroundings. [Jiyva's grace]
 19276 | Swamp:3  | Gained mutation: Your muscles are very strong. (Str +8,
                  | Int/Dex -2) [Jiyva's grace]
 19276 | Swamp:3  | Gained mutation: You possess an exceptional clarity of
                  | mind. [Jiyva's grace]
 19276 | Swamp:3  | Gained mutation: You have acidic saliva. [Jiyva's grace]
 19276 | Swamp:3  | Gained mutation: Your mind is very acute. (Int +8, Str/Dex
                  | -2) [Jiyva's grace]
 19330 | Swamp:3  | Reached skill level 19 in Fire Magic
 19727 | Swamp:4  | Entered Level 4 of the Swamp
 19853 | Swamp:4  | Noticed Kirke
 19860 | Swamp:4  | Killed Kirke
 19899 | Swamp:4  | Reached skill level 20 in Fire Magic
 19972 | Swamp:4  | Got a decaying rune of Zot
 20105 | Swamp:4  | Found a runed translucent gate.
 20106 | Swamp:4  | Found a runed translucent gate.
 20106 | Swamp:4  | Noticed Hily's ghost (journeyman FeSu)
 20108 | Swamp:4  | Found a runed translucent gate.
 20179 | Swamp:4  | Killed Hily's ghost
 20186 | Swamp:4  | Identified the amulet of Coniach {Rampage *Corrode rPois
                  | Regen+ SInv}
 20344 | Spider:1 | Entered Level 1 of the Spider Nest
 20351 | Spider:1 | Noticed Azrael
 20383 | Lair:3   | Killed Azrael
 20527 | Spider:1 | Reached XP level 18. HP: 113/124 MP: 0/0
 20530 | Spider:1 | Reached skill level 21 in Fire Magic
 20561 | Spider:1 | Identified the +0 robe "Igof" {rC++ Regen+ SInv Stlth+}
 20957 | Spider:1 | Reached skill level 22 in Fire Magic
 21349 | Spider:2 | Lost mutation: Your mind is very acute. (Int +8, Str/Dex
                  | -2) [Jiyva's grace]
 21349 | Spider:2 | Lost mutation: Your flesh is almost immune to the effects
                  | of heat. (rF+++) [Jiyva's grace]
 21349 | Spider:2 | Lost mutation: Your muscles are very strong. (Str +8,
                  | Int/Dex -2) [Jiyva's grace]
 21349 | Spider:2 | Lost mutation: You have acidic saliva. [Jiyva's grace]
 21349 | Spider:2 | Lost mutation: Your body has grown eyes which may confuse
                  | attackers. (Acc +3) [Jiyva's grace]
 21349 | Spider:2 | Lost mutation: Your rubbery body absorbs attacks. (AC +1,
                  | EV +1) [Jiyva's grace]
 21349 | Spider:2 | Lost mutation: You are covered in slimy tendrils that may
                  | disarm your opponents. [Jiyva's grace]
 21349 | Spider:2 | Gained mutation: You passively map a small area around you.
                  | [Jiyva's grace]
 21349 | Spider:2 | Gained mutation: You passively map the area around you.
                  | [Jiyva's grace]
 21349 | Spider:2 | Gained mutation: You passively map a large area around you.
                  | [Jiyva's grace]
 21349 | Spider:2 | Gained mutation: Your melee attacks may engulf your foes in
                  | ooze. [Jiyva's grace]
 22145 | Spider:4 | Entered Level 4 of the Spider Nest
 22220 | Spider:3 | Reached skill level 23 in Fire Magic
 22235 | Spider:3 | Found a frozen archway.
 22249 | IceCv    | Entered an ice cave
 22416 | IceCv    | Reached XP level 19. HP: 105/130 MP: 0/0
 22416 | IceCv    | Learned a level 7 spell: Dragon Form
 22536 | IceCv    | Noticed a lich
 22539 | IceCv    | Killed a lich
 22545 | IceCv    | Found the +4 skin of Zhor {*Englaciate rC+++ SInv}
 22842 | Spider:3 | Reached skill level 24 in Fire Magic
 23648 | Spider:4 | Noticed Louise
 23662 | Spider:4 | Killed Louise
 23675 | Spider:4 | Lost mutation: You have a pair of horns on your head.
                  | [Jiyva's grace]
 23675 | Spider:4 | Lost mutation: You are mostly covered in iridescent scales.
                  | (AC +4) [Jiyva's grace]
 23675 | Spider:4 | Lost mutation: You passively map a large area around you.
                  | [Jiyva's grace]
 23675 | Spider:4 | Lost mutation: Your muscles are strong. (Str +4, Int/Dex
                  | -1) [Jiyva's grace]
 23675 | Spider:4 | Lost mutation: Your melee attacks may engulf your foes in
                  | ooze. [Jiyva's grace]
 23675 | Spider:4 | Gained mutation: Armour fits poorly on your pseudopods.
                  | [Jiyva's grace]
 23675 | Spider:4 | Gained mutation: Armour fits poorly on your large
                  | pseudopods. [Jiyva's grace]
 23675 | Spider:4 | Gained mutation: Armour fits poorly on your massive
                  | pseudopods. [Jiyva's grace]
 23675 | Spider:4 | Gained mutation: You are agile. (Dex +4, Str/Int -1)
                  | [Jiyva's grace]
 23846 | Spider:4 | Reached skill level 25 in Fire Magic
 24092 | Spider:4 | Got a gossamer rune of Zot
 24358 | Spider:4 | Reached XP level 20. HP: 127/136 MP: 0/0
 24825 | Depths:1 | Entered Level 1 of the Depths
 24837 | Depths:1 | Reached skill level 26 in Fire Magic
 25018 | Depths:1 | Found a gateway to Hell.
 25115 | Depths:1 | Found a portal to a secret trove of treasure.
 25130 | Trove    | Entered a treasure trove
 25137 | Trove    | Identified the amulet of the Real Monster {Acrobat Stlth+}
 25139 | Trove    | Identified the +5 eveningstar "Dragon's Tongue" {protect,
                  | Dex+3}
 25141 | Trove    | Identified the ring "Ylozarat" {*Slow +Blink EV+5 Str+4}
 25143 | Trove    | Identified the ring of the Elephant {Ice Contam rPois rN+
                  | Dex+5}
 25506 | Depths:1 | Found a one-way gate to the infinite horrors of the Abyss.
 25717 | Depths:1 | Reached skill level 27 in Fire Magic
 26076 | Depths:2 | Found a one-way gate leading to the halls of Pandemonium.
 26204 | Depths:2 | Noticed an Ice Fiend
 26220 | Depths:2 | Reached XP level 21. HP: 123/141 MP: 0/0
 26220 | Depths:2 | Learned a level 7 spell: Ozocubu's Refrigeration
 26298 | Depths:2 | You are sucked into a shaft and drop 1 floor!
 26298 | Depths:3 | Noticed Camaan's ghost (adept DgCj)
 26298 | Depths:3 | Found a large runed translucent door.
 26298 | Depths:3 | Found a large runed translucent door.
 26689 | Depths:2 | Found Epepal's Book Shop.
 26698 | Depths:2 | Bought a manual of Unarmed Combat for 1440 gold pieces
 26805 | Depths:2 | Found Atzed's Book Boutique.
 26813 | Depths:2 | Bought a manual of Armour for 1280 gold pieces
 27171 | Depths:2 | Lost mutation: You passively map the area around you.
                  | [Jiyva's grace]
 27171 | Depths:2 | Gained mutation: You passively map the area around you.
                  | [Jiyva's grace]
 27171 | Depths:2 | Gained mutation: You passively map a large area around you.
                  | [Jiyva's grace]
 27171 | Depths:2 | Gained mutation: Your body has grown eyes which may confuse
                  | attackers. (Acc +3) [Jiyva's grace]
 27171 | Depths:2 | Gained mutation: Your body has grown many eyes which may
                  | confuse attackers. (Acc +5) [Jiyva's grace]
 27236 | Depths:2 | Found Cuconogu's Armour Shoppe.
 27787 | Depths:3 | Mangled by a fire giant

Illustrated notes

Levels and vault maps discovered:
D:1:      minmay_arrival_loop, layout_basic, serial_shops, shop,
          grunt_decor_fettered
D:2:      layout_loops_ring, dreamdust_ecumenical_altar_grove, basic_altar,
          chequers_serial_rivers_small_b, uniq_robin
D:3:      layout_loops_ring, gammafunk_ghost_icy, grunt_decor_mini_mirrors,
          skrybe_limestone_x
D:4:      layout_gridville, nrook_mini_backslash, serial_bayou_ford_a,
          amethyst_killhole, columned_hall_lemuel
D:5:      layout_rooms, fedhas_altar_decomposition, temple_doors_e,
          gammafunk_ghost_cemetery
D:6:      layout_loops_ring, kennysheep_slug_shrine,
          nicolae_overflow_crystal_walls
D:7:      layout_basic, gammafunk_ghost_hive, nicolae_shop_firing_range,
          uniq_crazy_yiuf_cottage
D:8:      nicolae_cairo_tiling_large_dashed, layout_gridville,
          general_overflow_altar
D:9:      layout_cave_pools, nicolae_overflow_two_pavilions, erik_lair_island,
          special_room [special_room_bee], ebering_ghost_gozag,
          nicolae_benzene_ring, uniq_prince_ribbit1, uniq_pikel
D:10:     kennysheep_ambush_hall, layout_long_grid, lemuel_tele_altar,
          minmay_crystal_room
D:11:     layout_basic, zombieorc1_lemuel
D:12:     layout_rooms
D:13:     layout_cave_pools, david_vaults_4, serial_shops,
          nicolae_shop_tiny_real_fake_doors, uniq_snorg, uniq_sonja
D:14:     layout_cave_pools, biasface_ghost_orc_armoury, bloody_trog
D:15:     grunt_enter_depths_snipers, layout_basic, nrook_campfire,
          nicolae_shop_i_like_small_books_too
Lair:1:   layout_regular_city, grunt_forest_small_clearings, grunt_megastairs_2,
          lemuel_fruit_fields, uniq_nergalle
Lair:2:   layout_loops_ring, infiniplex_staircase_pool
Lair:3:   layout_regular_city, swamp_mist, hellmonk_spider_entry_not_the_bees,
          st_stairs_7, serial_bayou_shore_b
Lair:4:   layout_regular_city, nicolae_slime_entry_slimehenge, basic_altar,
          hangedman_lair_unloving_vines
Lair:5:   due_jungle_book, layout_big_grid, grunt_megastairs_4
Swamp:1:  layout_falls_marsh, evilmike_swamp_ruin_house_1
Swamp:2:  nicolae_swamp_standing_stones, layout_basic_swamp,
          hangedman_swamp_pad, swamp_pool5
Swamp:3:  layout_falls_marsh, evilmike_swamp_ruin_house_4, swamp_pool3
Swamp:4:  swamp_fiery, layout_basic_swamp, gammafunk_ghost_hydra_chop,
          uniq_kirke
Spider:1: cheibrodos_spider_silkery, drop_trap, guppyfry_spider_mini_3,
          uniq_azrael
Spider:2: layout_spider_delve
Spider:3: layout_cave_pods, portal_ice_cave_entry_ugly_swarm, drop_trap,
          nicolae_spider_paper_wasps
Spider:4: floodkiller_spider_rune_tomb, uniq_louise
Slime:1:  layout_caves, basic_altar
Slime:2:  layout_caves
Slime:3:  layout_caves
Slime:4:  nicolae_slime_jelly_donut, layout_caves
Slime:5
Orc:1:    layout_diamond_mine, basic_altar
Orc:2:    grunt_orc_gardens, layout_diamond_mine, grunt_orc_garden,
          grunt_orc_garden, grunt_orc_garden, grunt_orc_garden, uniq_rupert
Depths:1: layout_forbidden_donut, minmay_room_of_horrors,
          nicolae_trove_entry_free_sample, grunt_hell_entry_dis_grunt,
          minmay_misc_feat_hallway, evilmike_minifort
Depths:2: dreamdust_isle_of_ice, layout_cave_shapes, pan_entry,
          serial_bayou_pond_b, abyss_entry, hangedman_geh_valley, serial_shops,
          shop, shop, shop, serial_co_window_serial, co_window_of_opportunity_a,
          co_window_of_opportunity_a, co_window_corner_a,
          co_window_of_opportunity_a, co_window_paths_a, co_window_corner_a,
          co_window_of_opportunity_b, co_window_broadway_c,
          co_window_of_opportunity_b, co_window_sun, co_window_4corner_b
Depths:3: evilmike_library_of_no_secrets, layout_basic,
          kennysheep_cross_bottleneck, abyss_entry_crystal,
          ebering_ghost_disaster_area, hangedman_coc_ice_floe,
          minmay_staircase_bubble

Skill      XL: |  1  2  3  4  5  6  7  8  9 10 11 12 13 14 15 16 17 18 19 20 21 |
---------------+----------------------------------------------------------------+-----
Fighting       | 1 2 7 10 | 10.0
Spellcasting   | 4 5 6 7 8 10 11 12 15 17 18 20 21 22 | 22.9
Conjurations   | 4 5 6 7 8 10 11 12 15 17 18 20 21 22 | 22.9
Hexes          | 4 5 6 7 8 10 11 12 15 17 18 20 21 22 | 22.9
Summonings     | 4 5 6 7 8 10 11 12 15 17 18 20 21 22 | 22.9
Necromancy     | 4 5 6 7 8 10 11 12 15 17 18 20 21 22 | 22.9
Translocations | 4 5 6 7 8 10 11 12 15 17 18 20 21 22 | 22.9
Transmutations | 4 5 6 7 8 10 11 12 15 17 18 20 21 22 | 22.9
Fire Magic     | 4 5 6 7 8 10 11 14 17 20 23 25 27 | 27.0
Ice Magic      | 4 5 6 7 8 10 11 12 15 17 18 20 21 22 | 22.9
Air Magic      | 4 5 6 7 8 10 11 12 15 17 18 20 21 22 | 22.9
Earth Magic    | 4 5 6 7 8 10 11 12 15 17 18 20 21 22 | 22.9
Poison Magic   | 4 5 6 7 8 10 11 12 15 17 18 20 21 22 | 22.9
Dodging        | 3 4 5 8 10 12 16 18 19 20 | 20.9
Stealth        | |  1.5

Action                     |  1- 3 |  4- 6 |  7- 9 | 10-12 | 13-15 | 16-18 | 19-21 || total
---------------------------+-------+-------+-------+-------+-------+-------+-------++-------
  Melee: Unarmed           |    22 |     6 |       |       |       |       |    39 ||    67
         Punch             |       |     1 |       |       |       |       |     1 ||     2
         Dagger            |       |     1 |    17 |       |       |       |       ||    18
         War axe           |       |       |     9 |    35 |     4 |       |       ||    48
         Headbutt          |       |       |       |     8 |    21 |     2 |     4 ||    35
         Flail             |       |       |       |       |    59 |    16 |    21 ||    96
         Pseudopods        |       |       |       |       |       |       |     3 ||     3
         Tailslap          |       |       |       |       |       |       |    12 ||    12
         Bite              |       |       |       |       |       |       |     8 ||     8
   Cast: Necrotise         |    54 |    69 |    15 |     2 |       |       |       ||   140
         Summon Small Mamm |    13 |     1 |       |       |     1 |     2 |       ||    17
         Vampiric Draining |       |    13 |    95 |   221 |   412 |   348 |    59 ||  1148
         Stone Arrow       |       |       |    34 |    37 |   108 |       |       ||   179
         Animate Dead      |       |       |     1 |     6 |    20 |     5 |    11 ||    43
         Iskenderun's Myst |       |       |       |     2 |    22 |   150 |   166 ||   340
         Wereblood         |       |       |       |   200 |       |       |       ||   200
         Animate Armour    |       |       |       |    14 |     1 |       |       ||    15
         Lee's Rapid Decon |       |       |       |       |    10 |     9 |    15 ||    34
         Leda's Unmaking   |       |       |       |       |    76 |   371 |   335 ||   782
         Enfeeble          |       |       |       |       |       |     2 |       ||     2
         Dragon Form       |       |       |       |       |       |       |     2 ||     2
         Ozocubu's Refrige |       |       |       |       |       |       |     5 ||     5
Ability: End Transformatio |       |       |       |       |       |       |     2 ||     2
         Breathe Fire      |       |       |       |       |       |       |     1 ||     1
    Use: Potion            |       |       |     1 |       |     2 |     1 |     1 ||     5
         Scroll            |       |       |       |     9 |     6 |     7 |     6 ||    28
   Stab: Distracted        |       |       |     1 |     1 |     2 |       |     1 ||     5
         Sleeping          |       |       |       |       |     1 |       |       ||     1
         Invisible         |       |       |       |       |       |     2 |       ||     2
 Armour: Robe              |    23 |     7 |    21 |    49 |    78 |    43 |    25 ||   246
         Troll leather arm |       |       |       |       |     3 |   132 |       ||   135
         Skin              |       |       |       |       |       |       |     8 ||     8
  Dodge: Dodged            |    65 |    35 |    93 |   377 |  1095 |   958 |   548 ||  3171
         Repelled          |       |       |       |       |       |     7 |     7 ||    14

Table legend: (Time is in decaauts)
 A = Elapsed time spent in this place.
 B = Non-inter-level travel time spent in this place.
 C = Inter-level travel time spent in this place.
 D = Time resting spent in this place.
 E = Time spent auto-exploring this place.
 F = Levels seen in this place.
 G = Mean time per level.
                   A        B        C        D        E       F      G
               +--------+--------+--------+--------+--------+-----+--------+
         Total |  27993 |  25855 |   2138 |   1452 |  16682 |  40 |  699.8 |
       Dungeon |  11681 |  10841 |    840 |    477 |   7978 |  15 |  778.7 |
          Lair |   5517 |   4846 |    671 |    264 |   3118 |   5 | 1103.4 |
         Swamp |   2367 |   2183 |    184 |     66 |   1283 |   4 |  591.8 |
   Spider Nest |   3792 |   3552 |    240 |    161 |   2149 |   4 |  948.0 |
    Slime Pits |    161 |     96 |     65 |      0 |      0 |   5 |   32.2 |
  Orcish Mines |   1099 |    976 |    123 |    139 |    479 |   2 |  549.5 |
        Depths |   2686 |   2673 |     13 |    145 |   1520 |   3 |  895.3 |
         Trove |    284 |    284 |      0 |    200 |      1 |   1 |  284.0 |
      Ice Cave |    401 |    401 |      0 |      0 |    154 |   1 |  401.0 |
               +--------+--------+--------+--------+--------+-----+--------+

Top non-repeatable levels by time:
  Lair:5: 1399 daAuts
Depths:2: 1289 daAuts
     D:1: 1225 daAuts
Spider:4: 1191 daAuts
    D:15: 1184 daAuts
  Lair:3: 1125 daAuts
  Lair:1: 1082 daAuts
  Lair:4: 1044 daAuts
    D:11: 985 daAuts
Depths:1: 967 daAuts
Spider:3: 937 daAuts
     D:4: 888 daAuts
  Lair:2: 866 daAuts
Spider:2: 836 daAuts
Spider:1: 827 daAuts
